AoeStats
← |GaoeG| flamingo

Arena

509195298Analyzed
4v4 RM · 6d ago on Sep 25, 2026· 52m 13s· 8 players
Game mode
Random Map
Map size
Large (8 player)
Population
200
Speed
Normal
Resources
Standard
Victory
Conquest
Starting age
Dark Age
Ending age
Imperial Age
RankedLock teamsTeams togetherTeam positionsShared explorationLock speedFull tech treeHidden civsTurbo modeCheats
Victory
Defeat
🇬🇧 Saxons · United Kingdom
1398
+13
🇵🇪 Persians · Peru
1379
+14
🇭🇰 Mongols · Hong Kong SAR China
1342
+15
🇩🇪 Poles · Germany
1251
+19
🇩🇪 Bohemians · Germany
1362
-17
🇪🇸 Persians · Spain
1336
-16
🇩🇪 Koreans · Germany
1327
-15
🇪🇸 Spanish · Spain
1280
-13
BondTrustee
6:59 Loom
10:37 Feudal Age
12:13 Double-Bit Axe
12:19 Loom
15:10 Castle Age
16:20 Horse Collar
19:08 Bow Saw
21:10 Fletching
22:34 Bodkin Arrow
22:24 Elite Skirmisher
26:35 Gold Mining
27:33 Wheelbarrow
27:29 Ballistics
28:35 Heavy Plow
28:49 Murder Holes
29:05 Scale Mail Armor
29:46 Squires
30:22 Chain Mail Armor
30:31 Masonry
34:26 Imperial Age
32:51 Town Watch
33:21 Hand Cart
33:18 Forging
35:03 Iron Casting
35:28 Gold Shaft Mining
34:30 Elite Fire Lancer
35:44 Plate Mail Armor
37:14 Conscription
37:09 Bracer
38:28 Siege Engineers
39:25 Chemistry
39:36 Pikeman
40:13 Arson
42:47 Architecture
41:47 Halberdier
44:24 Town Patrol
44:39 Fortified Wall
46:25 Thumb Ring
46:52 Arrowslits
ToTheAnd
10:47 Feudal Age
14:40 Castle Age
12:46 Double-Bit Axe
13:15 Horse Collar
15:52 Bow Saw
15:43 Heavy Plow
18:06 Loom
19:35 Town Watch
23:09 Wheelbarrow
27:05 Imperial Age
25:18 Fervor
25:28 Hand Cart
25:49 Padded Archer Armor
26:05 Squires
25:58 Fletching
26:09 Scale Mail Armor
26:38 Forging
28:05 Chemistry
27:07 Pikeman
28:04 Chain Mail Armor
27:45 Bodkin Arrow
28:57 Two-Man Saw
28:55 Leather Archer Armor
29:19 Iron Casting
30:16 Plate Mail Armor
29:58 Halberdier
31:25 Ring Archer Armor
32:39 Blast Furnace
32:37 Bracer
33:00 Conscription
33:03 Ballistics
33:35 Siege Engineers
34:33 Arson
36:30 Houfnice
40:51 Guilds
44:26 Scale Barding Armor
|GaoeG| flamingo
11:32 Feudal Age
15:12 Castle Age
13:22 Double-Bit Axe
13:20 Horse Collar
16:16 Bow Saw
16:09 Heavy Plow
21:37 Loom
21:52 Town Watch
24:47 Wheelbarrow
27:27 Padded Archer Armor
28:40 Bloodlines
28:31 Husbandry
33:02 Imperial Age
31:00 Squires
30:21 Pikeman
31:04 Scale Mail Armor
31:15 Forging
33:51 Chain Mail Armor
34:11 Iron Casting
33:09 Halberdier
34:25 Conscription
35:19 Plate Mail Armor
37:02 Blast Furnace
36:39 Elite Conquistador
|GaoeG| Tifus
11:17 Feudal Age
12:52 Loom
16:03 Castle Age
14:12 Double-Bit Axe
14:09 Horse Collar
14:57 Stone Mining
18:43 Wheelbarrow
23:21 Heavy Plow
24:19 Bow Saw
24:53 Gold Mining
26:11 Gold Shaft Mining
26:53 Hand Cart
27:14 Scale Barding Armor
27:19 Forging
30:25 Imperial Age
29:06 Stone Shaft Mining
28:33 Scale Mail Armor
28:53 Chain Barding Armor
28:24 Fletching
28:38 Caravan
29:01 Bloodlines
28:51 Husbandry
28:12 Light Cavalry
29:01 Kamandaran
30:18 Iron Casting
30:02 Cavalier
31:21 Plate Barding Armor
31:47 Crop Rotation
32:36 Blast Furnace
32:18 Savar
33:12 Hussar
34:17 Conscription
34:33 Hoardings
33:23 Crossbowman
34:07 Town Watch
37:31 Bodkin Arrow
37:36 Padded Archer Armor
37:37 Scale Mail Armor
41:15 Thumb Ring
42:29 Pikeman
43:10 Squires
43:52 Elite Skirmisher
43:58 Halberdier
docsparkles
10:34 Feudal Age
11:01 Feudal Age
11:58 Double-Bit Axe
14:49 Castle Age
12:36 Horse Collar
15:36 Loom
22:00 Town Watch
24:39 Bow Saw
25:07 Wheelbarrow
31:05 Imperial Age
29:11 Heated Shot
29:44 Ballistics
29:06 Treadmill Crane
30:15 Fletching
30:26 Padded Archer Armor
30:48 Thumb Ring
31:26 Heavy Plow
31:30 Bodkin Arrow
31:39 Crossbowman
32:29 Bracer
31:59 Cranequins
33:09 Leather Archer Armor
33:26 Bloodlines
33:17 Husbandry
34:14 Conscription
34:53 Heavy Mounted Crossbowman
37:24 Chemistry
39:38 Masonry
39:04 Pikeman
39:46 Squires
41:14 Scale Mail Armor
41:45 Ring Archer Armor
41:26 Forging
41:05 Shield Wall
41:42 Arson
42:52 Chain Mail Armor
42:27 Halberdier
43:45 Gambesons
44:38 Iron Casting
47:08 Architecture
51:27 Spies/Treason
4♚Dreams
12:18 Feudal Age
12:48 Horse Collar
12:57 Double-Bit Axe
15:03 Scale Barding Armor
18:16 Castle Age
17:15 Forging
17:05 Stone Mining
19:21 Heavy Plow
19:33 Bow Saw
19:17 Gold Mining
19:17 Loom
20:07 Wheelbarrow
23:11 Szlachta Privileges
27:04 Chain Barding Armor
28:16 Iron Casting
27:46 Husbandry
27:57 Bloodlines
31:38 Hand Cart
32:46 Man-at-Arms
33:27 Squires
36:46 Imperial Age
34:45 Long Swordsman
37:06 Scale Mail Armor
36:54 Cavalier
37:00 Two-Handed Swordsman
38:40 Crop Rotation
39:15 Blast Furnace
38:31 Chain Mail Armor
39:18 Conscription
42:42 Plate Mail Armor
kalioglu
10:26 Feudal Age
14:27 Castle Age
13:12 Double-Bit Axe
15:48 Bow Saw
15:43 Loom
21:53 Horse Collar
24:15 Heavy Plow
24:07 Gold Mining
24:07 Stone Mining
25:06 Forging
26:14 Stone Shaft Mining
26:14 Gold Shaft Mining
27:49 Wheelbarrow
30:20 Imperial Age
28:03 Scale Barding Armor
27:49 Town Watch
29:20 Chain Barding Armor
29:35 Iron Casting
29:51 Hand Cart
30:12 Bloodlines
30:15 Husbandry
30:09 Fletching
30:10 Elite War Elephant
31:37 Plate Barding Armor
31:45 Crop Rotation
32:36 Blast Furnace
33:04 Conscription
33:50 Two-Man Saw
33:17 Bodkin Arrow
37:16 Chemistry
36:37 Ballistics
37:06 Guilds
37:28 Coinage
36:58 Caravan
39:13 Hoardings
46:33 Kamandaran
46:44 Citadels
46:05 Sappers
48:36 Fervor
49:43 Town Patrol
大庆Song
5:54 Loom
11:19 Feudal Age
12:45 Double-Bit Axe
15:02 Castle Age
13:24 Stone Mining
13:17 Horse Collar
14:33 Gold Mining
15:45 Heavy Plow
19:52 Wheelbarrow
21:26 Fletching
23:44 Bodkin Arrow
24:15 Gold Mining
24:54 Bow Saw
26:13 Bloodlines
27:04 Ballistics
26:47 Padded Archer Armor
27:07 Husbandry
32:31 Imperial Age
31:14 Leather Archer Armor
32:17 Thumb Ring
33:27 Hand Cart
33:17 Bracer
34:11 Conscription
35:27 Hand Cart
34:59 Town Watch
36:56 Chemistry
36:59 Elite Mangudai
40:21 Hoardings
39:48 Nomads
40:45 Parthian Tactics
40:26 Scale Barding Armor
40:32 Forging
39:43 Light Cavalry
41:14 Masonry
41:09 Siege Engineers
41:00 Murder Holes
41:49 Chain Barding Armor
42:10 Caravan
50:23 Capped Ram
51:25 Elite Skirmisher
51:57 Siege Ram
Connection lost

Rejoining the realm…

Still unreachable

The connection could not be restored.

Session expired

The server has moved on; the page needs a fresh start.